 Dungeon Crawl Stone Soup version 0.18-a0-674-g00855b9 (webtiles) character file.

38 Korkiloff the Digger (level 3, 0/21 HPs)
             Began as an Octopode Earth Elementalist on Dec 6, 2015.
             Killed from afar by Sigmund (7 damage)
             ... with a puff of flame
             ... on level 2 of the Dungeon.
             The game lasted 00:06:56 (1040 turns).

Korkiloff the Digger (Octopode Earth Elementalist)  Turns: 1040, Time: 00:06:56

Health: 0/21       AC:  1    Str:  7    XL:     3   Next: 43%
Magic:  2/6        EV: 12    Int: 18    God:
Gold:   66         SH:  0    Dex: 12    Spells: 2 memorised, 4 levels left

rFire  . . .     SeeInvis .     j - +0 dagger
rCold  . . .     Clarity  .     (no shield)
rNeg   . . .     SustAt   .     (helmet restricted)
rPois  .         Gourm    .     (no amulet)
rElec  .         Spirit   .     (no ring)
rCorr  .         Dismiss  .     (no ring)
rMut   .         Stasis   .     (no ring)
MR     .....                    (no ring)
Stlth  +++.......               (no ring)
                                (no ring)
                                (no ring)
                                (no ring)

@: not resistant to hostile enchantments, fairly stealthy
A: almost no armour, amphibious, 8 rings, constrict 8, camouflage 1, gelatinous
body 1
a: no special abilities


You were on level 2 of the Dungeon.
You were not hungry.

You visited 1 branch of the dungeon, and saw 2 of its levels.

You collected 66 gold pieces.

Inventory:

Hand Weapons
 d - a +0 hunting sling
 g - a +0 club
 h - a +0 club
 j - a +0 dagger (weapon)
 r - a +0 club
 s - a +0 dagger
 w - a +0 dagger
 x - a +0 club
 y - a +0 club
Missiles
 a - 25 stones (quivered)
 o - 14 bolts
 v - 5 poisoned needles
Scrolls
 e - a scroll of teleportation {unknown}
 k - a scroll of immolation {unknown}
 m - 2 scrolls of identify {unknown}
 q - a scroll of magic mapping {unknown}
Potions
 f - a potion of agility {unknown}
 i - a potion of resistance {unknown}
 l - a potion of might {unknown}
 n - 2 potions of haste {unknown}
 p - a potion of curing {unknown}
 t - a potion of brilliance {unknown}
Books
 b - a book of Geomancy

   Spells                             Type                      Level
   a - Sandblast                      Earth                        1
   b - Stoneskin                      Transmutation/Earth          2
   c - Passwall                       Transmutation/Earth          3
   d - Stone Arrow                    Conjuration/Earth            3
   e - Petrify                        Transmutation/Earth          4
   f - Lee's Rapid Deconstruction     Earth                        5
Comestibles
 c - 2 bread rations
 u - 3 chunks of flesh


   Skills:
 + Level 2.4 Dodging
 + Level 2.9 Stealth
 + Level 2.5 Spellcasting
 + Level 1.1 Transmutations
 + Level 3.5 Earth Magic


You had 4 spell levels left.
You knew the following spells:

 Your Spells              Type           Power        Failure   Level  Hunger
a - Sandblast             Erth           ###...       4%          1    #......
b - Stoneskin             Trmt/Erth      ##......     12%         2    ##.....


Dungeon Overview and Level Annotations

Branches:
Dungeon (2/15)

Altars:

Annotations:
D:2 Robin, Sigmund


Innate Abilities, Weirdness & Mutations

You cannot wear most types of armour.
You are amphibious.
You can wear up to eight rings at the same time.
You can use your tentacles to constrict eight enemies at once.
Your skin changes colour to match your surroundings (Stealth).
Your rubbery body absorbs attacks (AC +1).


Message History

The blast of sand misses Sigmund.
Sigmund shouts!
Sigmund closely misses you.
Casting: Sandblast
Confirm with . or Enter, or press ? or * to list all spells.
Aiming: Sandblast
Press: ? - help, Shift-Dir - straight line, f/p - Sigmund
Aim: Sigmund, wielding a scythe and wearing a robe The blast of sand hits Sigmund.
Sigmund is lightly wounded.
Casting: Sandblast
Confirm with . or Enter, or press ? or * to list all spells.
Aiming: Sandblast
Press: ? - help, Shift-Dir - straight line, f/p - Sigmund
Aim: Sigmund, wielding a scythe and wearing a robe (lightly wounded)
The blast of sand hits Sigmund.
Sigmund is lightly wounded.
Sigmund casts a spell at you. The puff of flame hits you!
You die...

#..g##..)................
#<...g.)....###.###.####
#@.....g.)......##.###.....
#...#.#...###.#.<......#####
#.##.[.#.# #.#..##.##.# # #.
#.# .# #.#..##.#...# # #.
#.# # #.#..#........ . . #.#
###@#..#..#...#### ..#
#@†....#..##.##
#.#....#..##..
#.#....#..##### #.##...# #.#
..... ..# #..#.. ... ..#.#.
### .## #


You could see Sigmund.

Vanquished Creatures
  An ooze (D:1)
  A giant gecko (D:1)
  4 hobgoblins
  5 bats (D:1)
  A giant cockroach (D:1)
  3 giant newts
  10 goblins
  5 kobolds (D:1)
  2 rats (D:1)
32 creatures vanquished.

Notes
Turn   | Place    | Note
--------------------------------------------------------------
     0 | D:1      | Korkiloff the Octopode Earth Elementalist began the quest for the Orb.
     0 | D:1      | Reached XP level 1. HP: 11/11 MP: 3/3
    61 | D:1      | Reached XP level 2. HP: 12/17 MP: 0/5
   277 | D:1      | Learned a level 2 spell: Stoneskin
   541 | D:1      | Reached XP level 3. HP: 9/21 MP: 0/6
   788 | D:2      | Noticed Robin
   845 | D:2      | Noticed Sigmund
  1040 | D:2      | Killed from afar by Sigmund

Vault maps used:
D:1:      scummos_arrival_star
D:2:      uniq_robin, uniq_iyjb, uniq_sigmund

Action                   || total
-------------------------++-------
Melee: Unarmed           ||     5
       Dagger            ||    29
 Cast: Sandblast         ||    37
       Stoneskin         ||     5
  Eat: Chunk             ||     1
